 Dungeon Crawl Stone Soup version 0.31-a0-182-gc5ef74bbde (webtiles) character file.

Game seed: 1421695677330447389

77 qw the Chopper (level 4, -5/28 HPs)
             Began as a Gargoyle Fighter on June 20, 2023.
             Slain by a gnoll
             ... wielding a +0 halberd
              (7 damage)
             ... on level 2 of the Dungeon.
             The game lasted 00:00:41 (1167 turns).

qw the Chopper (Gargoyle Fighter)                   Turns: 1167, Time: 00:00:41

Health: -5/28      AC: 11    Str: 22    XL:     4   Next: 33%
Magic:  4/4        EV:  9    Int:  8    God:
Gold:   49         SH:  4    Dex:  9    Spells: 3/3 levels left

rFire   + . .        Y - +2 war axe
rCold   . . .        c - +0 buckler
rNeg    + . .        b - +0 scale mail
rPois   inf          (no helmet)
rElec   +            (no cloak)
rCorr   .            g - +0 pair of gloves
SInv    .            (no boots)
Will    .....        (no amulet) Stlth
                     k - ring of protection from fire
HPRegen 0.24/turn    (no ring)
MPRegen 0.09/turn

%: no passive effects
@: no status effects
A: sickness immunity, AC +3, negative energy resistance 1, electricity
resistance, torment resistance 1, petrification resistance
a: no special abilities


You were on level 2 of the Dungeon.
You visited 1 branch of the dungeon, and saw 2 of its levels.

You collected 49 gold pieces.


Innate Abilities, Weirdness & Mutations

You are immune to sickness and miasma.
Your stone body is resilient. (AC +3)
You are immune to poison.
You resist negative energy. (rN+)
You are resistant to electric shocks. (rElec)
You are resistant to unholy torment.
You are immune to petrification.


   Skills:
 - Level 3.2 Fighting
 + Level 4.0 Axes
 - Level 3.2 Armour
 - Level 3.2 Shields


You had 3 spell levels left.
You didn't know any spells.
Your spell library was empty.

Inventory:

Hand Weapons
 i - a +0 mace
 Y - a +2 war axe (weapon)
Armour
 b - a +0 scale mail (worn)
 c - a +0 buckler (worn)
 e - a +0 plate armour
 g - a +0 pair of gloves (worn)
Jewellery
 a - a ring of positive energy
 k - a ring of protection from fire (left hand)
Potions
 d - 2 potions of might
 h - a potion of curing {unknown}

Dungeon Overview and Level Annotations

Branches:
Dungeon (2/15)

Altars:


Message History

You hit the gnoll.
The gnoll is heavily wounded.
The gnoll hits you but does no damage.
You completely miss the gnoll.
The gnoll is heavily wounded.
The gnoll hits you with a +0 club. The gnoll barely misses you.
You barely miss the gnoll.
The gnoll is heavily wounded.
You block the gnoll's attack.
You slash the gnoll!
You kill the gnoll!
You have reached level 4!
You feel stronger.
The gnoll hits you from afar with a +0 halberd.
You barely miss the gnoll.
The gnoll shouts!
The gnoll closely misses you. The gnoll barely misses you. x2
You hit the gnoll.
The gnoll is heavily wounded.
The gnoll barely misses you. You block the gnoll's attack.
You hit the gnoll.
The gnoll is almost dead.
The gnoll completely misses you.
The gnoll hits you from afar with a +0 halberd.
You slash the gnoll!
You kill the gnoll!
You barely miss the gnoll. The gnoll hits you with a +0 flail!
The gnoll hits you but does no damage. The gnoll hits you with a +0 flail.
The gnoll hits you but does no damage.
You slash the gnoll!
You kill the gnoll!
The gnoll hits you but does no damage.
Your Axes skill increases to level 4!
The gnoll hits you with a +0 halberd.
Enter note:
Enter note: You barely miss the gnoll.
The gnoll hits you with a +0 halberd.
You barely miss the gnoll. The gnoll hits you with a +0 halberd!
You die...

..... ......
..... .... ##..#
. ##..# ..
..#####g.# ...
#......@)###....
#.#####.).......
##..).......
#..#....###
#>##.#### #.##.#
#..#.# #.##
#....# #...
#....## ####


You could see a gnoll.

Vanquished Creatures
  3 gnolls (D:2)
  2 worms (D:2)
  A dart slug (D:1)
  5 bats
  9 endoplasms
  2 giant cockroaches
  5 hobgoblins
  A kobold (D:2)
  4 ball pythons
  2 frilled lizards
  2 goblins (D:2)
  5 rats
41 creatures vanquished.

Notes
Turn   | Place    | Note
-------+----------+-------------------------------------------
     0 | D:1      | qw the Gargoyle Fighter began the quest for the Orb.
     0 | D:1      | Reached XP level 1. HP: 14/14 MP: 1/1
     0 | D:1      | 0 ||| qw: Version: 0.3-a-9-g12657ce
     0 | D:1      | 0 ||| qw: Game counter: 1481
     0 | D:1      | 0 ||| qw: Always use a shield: true
     0 | D:1      | 0 ||| qw: God list: Okawaru
     0 | D:1      | 0 ||| qw: Allow faded altars: false
     0 | D:1      | 0 ||| qw: Do Orc after D:15 true
     0 | D:1      | 0 ||| qw: Do second Lair branch before Depths: true
     0 | D:1      | 0 ||| qw: Lair rune preference: random
     0 | D:1      | 0 ||| qw: Plans: Normal, Zot:1-4, Slime:5, God:TSO, Crypt,
                  | Tomb, Abyss, Pan, Hells, Win
     0 | D:1      | 0 ||| PLANNING D:1-11
    22 | D:1      | Reached skill level 2 in Axes
   127 | D:1      | Reached XP level 2. HP: 19/19 MP: 2/2
   278 | D:1      | 278 ||| Stepping ~*~*~tactically~*~*~ (hiding).
   497 | D:1      | Found a faded altar of an unknown god.
   526 | D:1      | Reached skill level 3 in Axes
   618 | D:1      | Reached XP level 3. HP: 23/23 MP: 3/3
   690 | D:1      | 690 ||| UPGRADING to +0 pair of gloves.
   695 | D:1      | 695 ||| UPGRADING to ring of protection from fire.
   696 | D:1      | 696 ||| READING 2 scrolls labelled ALINODATHOPS.
   697 | D:1      | 697 ||| READING scroll of enchant weapon.
   697 | D:1      | 697 ||| ENCHANTING +1 war axe.
   698 | D:1      | 698 ||| READING scroll labelled FYOROSKYZIN.
   699 | D:1      | 699 ||| READING scroll labelled PIFRYSKO DYFO.
   700 | D:1      | 700 ||| READING scroll labelled ENIAROD ZYVVUGG.
   850 | D:2      | 850 ||| Stepping ~*~*~tactically~*~*~ (hiding).
   852 | D:2      | 852 ||| Stepping ~*~*~tactically~*~*~ (hiding).
   853 | D:2      | 853 ||| Stepping ~*~*~tactically~*~*~ (hiding).
   855 | D:2      | 855 ||| Stepping ~*~*~tactically~*~*~ (hiding).
  1071 | D:2      | 1071 ||| Stepping ~*~*~tactically~*~*~ (stealth).
  1078 | D:2      | 1078 ||| Stepping ~*~*~tactically~*~*~ (stealth).
  1148 | D:2      | 1148 ||| Stepping ~*~*~tactically~*~*~ (stealth).
  1149 | D:2      | 1149 ||| Stepping ~*~*~tactically~*~*~ (stealth).
  1150 | D:2      | 1150 ||| Stepping ~*~*~tactically~*~*~ (stealth).
  1151 | D:2      | 1151 ||| Stepping ~*~*~tactically~*~*~ (stealth).
  1159 | D:2      | Reached XP level 4. HP: 21/28 MP: 4/4
  1165 | D:2      | Reached skill level 4 in Axes
  1165 | D:2      | HP: 5/28 [gnoll/+0 halberd (4)]
  1166 | D:2      | HP: 1/28 [gnoll/+0 halberd (4)]
  1167 | D:2      | Slain by a gnoll

Levels and vault maps discovered:
D:1:      lightli_arrival_boilingwater, layout_basic,
          shapermc_ecumenical_altar_flowoftime, minmay_cut_off
D:2:      layout_basic, minmay_misc_feat_rows, minivault_24,
          minmay_small_reverse_x

Skill      XL: |  1  2  3  4 |
---------------+-------------+-----
Axes           | 2 3 4 |  4.0
Fighting       | |  3.2
Armour         | |  3.2
Shields        | |  3.2

Action                     |  1- 3 |  4- 6 || total
---------------------------+-------+-------++-------
  Melee: War axe           |    90 |     7 ||    97
    Use: Scroll            |     5 |       ||     5
 Armour: Scale mail        |    38 |     3 ||    41
  Dodge: Dodged            |    29 |     5 ||    34
  Block: Buckler           |    10 |     1 ||    11

Table legend:
 A = Non-vault XP
 B = Vault XP
 C = Vault XP percentage of total XP
 D = Non-vault monster count
 E = Vault monster count
 F = Vault count percentage of total count
                 A         B        C        D         E       F
            +---------+---------+-------+---------+---------+-------
      Total |      98 |      12 |  10.9 |      33 |       8 |  19.5
            +---------+---------+-------+---------+---------+-------
        D:1 |      28 |       7 |  20.0 |      16 |       4 |  20.0
        D:2 |      70 |       5 |   6.7 |      17 |       4 |  19.0
            +---------+---------+-------+---------+---------+-------
